 Dungeon Crawl Stone Soup version 0.27.1-33-g824d729ab1 (webtiles) character file.

Game seed: 14035499092029134160

114 jlumianski the Chopper (level 4, -2/29 HPs)
             Began as a Gargoyle Monk on Dec 15, 2021.
             Killed by nerve-wracking pain
             ... invoked by Grinder
              (6 damage)
             ... on level 3 of the Dungeon.
             The game lasted 00:07:11 (2366 turns).

jlumianski the Chopper (Gargoyle Monk)              Turns: 2366, Time: 00:07:12

Health: -2/29      AC: 12    Str: 16    XL:     4   Next: 97%
Magic:  4/4        EV:  7    Int: 10    God:
Gold:   80         SH:  0    Dex: 12    Spells: 3/3 levels left

rFire    . . .     SeeInvis .   n - +0 war axe
rCold    . . .     Faith    .   (no shield)
rNeg     + . .     Spirit   .   k - +0 chain mail
rPois    ∞         Reflect  .   (no helmet)
rElec    +         Harm     .   (no cloak)
rCorr    +         Rampage  .   (no gloves)
Will     .....                  (no boots)
Stlth    ..........             (no amulet)
HPRegen  0.09/turn              g - ring of resist corrosion
MPRegen  0.09/turn              (no ring)

@: no status effects
A: sickness immunity, AC +3, negative energy resistance 1, electricity
resistance, torment resistance 1, petrification resistance
a: no special abilities


You were on level 3 of the Dungeon.
You visited 1 branch of the dungeon, and saw 4 of its levels.

You collected 125 gold pieces.
You spent 45 gold pieces at shops.

Inventory:

Hand Weapons
 a - a +1 hand axe
 n - a +0 war axe (weapon)
Missiles
 e - 42 sling bullets
 p - 20 stones (quivered)
Armour
 b - a +0 robe
 c - a +1 ring mail
 k - a +0 chain mail (worn)
Jewellery
 g - a ring of resist corrosion (left hand)
 i - an amulet of faith
Scrolls
 f - a scroll of enchant armour
 l - 2 scrolls of noise
 m - a scroll of blinking
Potions
 d - a potion of mutation
 h - a potion of berserk rage
 o - a potion of might {unknown}


   Skills:
 + Level 3.7 Fighting
 + Level 3.8 Axes
 + Level 1.8 Armour
 + Level 2.8 Dodging
 + Level 2.7 Stealth


You had 3 spell levels left.
You didn't know any spells.
Your spell library contained the following spells:

 Spells                   Type           Power      Damage    Failure   Level
 Blink                    Tloc           N/A        N/A       100%        2
 Manifold Assault         Tloc           0%         N/A       100%        5
 Storm Form               Tmut/Air       0%         N/A       100%        7


Dungeon Overview and Level Annotations

Branches:
Dungeon (4/15)
 Temple: D:4-7

Altars:
Kikubaaqudgha

Shops:
D:3 (

Annotations:
D:3 Grinder


Innate Abilities, Weirdness & Mutations

You are immune to sickness and miasma.
Your stone body is resilient. (AC +3)
You are immune to poison.
You resist negative energy. (rN+)
You are resistant to electric shocks. (rElec)
You are resistant to unholy torment.
You are immune to petrification.


Message History

You hit Grinder but do no damage. Grinder gestures at you.
You suddenly lose the ability to move!
Grinder gestures at you. You resist with significant effort.
Grinder hits you but does no damage. x2
Grinder completely misses you.
You can move again.
You hit Grinder but do no damage. Grinder barely misses you.
You barely miss Grinder. Grinder hits you but does no damage.
Your chain mail prevents you from hitting Grinder.
Grinder gestures at you.
You suddenly lose the ability to move!
Grinder hits you but does no damage.
Grinder blinks!
Grinder says, "DUCK!"
Grinder gestures at you. You resist with significant effort.
You can move again.
You aren't carrying any items that you can evoke.
Throw: 21 stones
Press: ? - help, Q - select action Shift-Dir - straight line, f - Grinder
Aim: Grinder (52% to hit)
You throw a stone.
The stone hits Grinder but does no damage.
Grinder hits you but does no damage.
You closely miss Grinder. Grinder hits you.
You barely miss Grinder. Grinder hits you. Grinder hits you but does no damage.
You closely miss Grinder. Grinder gestures at you.
You suddenly lose the ability to move!
Grinder hits you!
You writhe in agony.
Grinder hits you.
* * * LOW HITPOINT WARNING * * *
Grinder hits you but does no damage.
You can move again.
You hit Grinder.
Grinder is lightly wounded.
Grinder gestures at you. Pain shoots through your body!
You die...

############
#..........######*
#.######.........,
#@# #.#......#*
#5# #.######.# #(#
#.# *,* #.# #.#
*,* #.# #.# *,**
#.# #.# *,,, *#.#
#.# **** *..# #.#
* *,** #.# *


You could see Grinder.

Vanquished Creatures
  A hound (D:3)
  2 adders
  An adder skeleton (D:4)
  4 dart slugs (D:1)
  2 worms
  An orc (D:3)
  3 ball pythons (D:1)
  4 endoplasms
  A giant cockroach (D:2)
  5 hobgoblins
  3 jackals (D:3)
  3 kobolds
  4 quokkas
  A bat (D:3)
  7 frilled lizards
  3 goblins
  5 rats
50 creatures vanquished.

Notes
Turn   | Place    | Note
-------+----------+-------------------------------------------
     0 | D:1      | jlumianski the Gargoyle Monk began the quest for the Orb.
     0 | D:1      | Reached XP level 1. HP: 14/14 MP: 1/1
    76 | D:1      | Reached XP level 2. HP: 8/19 MP: 2/2
   614 | D:1      | Reached XP level 3. HP: 23/23 MP: 3/3
  1126 | D:2      | Found an ancient bone altar of Kikubaaqudgha.
  1479 | D:3      | Reached XP level 4. HP: 9/29 MP: 4/4
  1812 | D:3      | Found Isug's Weapon Shoppe.
  1819 | D:3      | Bought a +0 war axe for 45 gold pieces
  1870 | D:4      | Reached skill level 1 in Armour
  2343 | D:3      | Noticed Grinder
  2345 | D:3      | Paralysed by Grinder for 4 turns
  2351 | D:3      | Paralysed by Grinder for 7 turns
  2362 | D:3      | Paralysed by Grinder for 4 turns
  2366 | D:3      | Killed from afar by Grinder

Illustrated notes

Levels and vault maps discovered:
D:1:      shiori_arrival_whats_in_store_for_you, layout_basic,
          nrook_mini_vaults, minmay_pentomino_u2
D:2:      layout_loops_cross, shapermc_ecumenical_altar_mp_highgroup,
          basic_altar, uniq_sigmund
D:3:      layout_loops_ring, serial_shops, nicolae_shop_crystal, uniq_grinder
D:4:      layout_loops_ring, nicolae_overflow_crystal_walls

Skill      XL: |  1  2  3  4 |
---------------+-------------+-----
Axes           | 3 |  3.8
Armour         | 1 |  1.8
Fighting       | |  3.7
Dodging        | |  2.8
Stealth        | |  2.7

Action                   |  1- 3 |  4- 6 || total
-------------------------+-------+-------++-------
Melee: Hand axe          |   105 |    13 ||   118
       War axe           |       |    40 ||    40
Throw: Stone             |       |     1 ||     1
  Use: Scroll            |     4 |     3 ||     7
       Potion            |     1 |       ||     1
 Stab: Sleeping          |     1 |       ||     1
Armor: Robe              |    10 |       ||    10
       Ring mail         |    31 |       ||    31
       Chain mail        |     2 |    36 ||    38
Dodge: Dodged            |    66 |    18 ||    84
